 Dungeon Crawl Stone Soup version 0.29-a0-284-gf9362112df (webtiles) character file.

Game seed: 15496144402588348450

37 bande the Covered (level 3, -2/24 HPs)
             Began as a Gargoyle Fighter on Mar 25, 2022.
             Killed by divine providence
             ... invoked by an orc priest
              (14 damage)
             ... on level 3 of the Dungeon.
             The game lasted 00:03:11 (1507 turns).

bande the Covered (Gargoyle Fighter)                Turns: 1507, Time: 00:03:12

Health: -2/24      AC: 11    Str: 19    XL:     3   Next: 41%
Magic:  3/3        EV:  9    Int:  8    God:
Gold:   98         SH:  5    Dex: 11    Spells: 2/2 levels left

rFire   . . .      SeeInvis .   a - +0 war axe
rCold   . . .      Faith    .   c - +1 buckler
rNeg    + . .      Spirit   .   b - +0 scale mail
rPois   ∞          Reflect  .   (no helmet)
rElec   +          Harm     .   (no cloak)
rCorr   .          Rampage  .   (no gloves)
Will    .....                   m - +0 pair of boots
Stlth   ..........              j - amulet of regeneration
HPRegen 0.88/turn               (no ring)
MPRegen 0.08/turn               (no ring)

@: no status effects
A: sickness immunity, AC +3, negative energy resistance 1, electricity
resistance, torment resistance 1, petrification resistance
a: no special abilities


You were on level 3 of the Dungeon.
You visited 1 branch of the dungeon, and saw 3 of its levels.

You collected 98 gold pieces.

Inventory:

Hand Weapons
 a - a +0 war axe (weapon)
 n - a +0 flail
Armour
 b - a +0 scale mail (worn)
 c - a +1 buckler (worn)
 m - a +0 pair of boots (worn)
Jewellery
 j - an amulet of regeneration (around neck)
 k - an amulet of the acrobat
Wands
 p - a wand of flame (31)
Scrolls
 f - a scroll of teleportation
 o - 3 scrolls of holy word
Potions
 d - a potion of might
 e - a potion of cancellation {unknown}
 h - a potion of brilliance {unknown}
 i - 3 potions of heal wounds
 l - a potion of attraction {unknown}
 q - a potion of curing {unknown}


   Skills:
 + Level 3.7 Fighting
 + Level 2.2 Axes
 + Level 3.8 Armour
 + Level 3.6 Shields


You had 2 spell levels left.
You didn't know any spells.
Your spell library contained the following spells:

 Spells                   Type           Power      Damage    Failure   Level
 Corpse Rot               Necr/Air       0%         N/A       94%         2
 Poisonous Vapours        Pois/Air       0%         N/A       94%         2


Dungeon Overview and Level Annotations

Branches:
Dungeon (3/15)

Altars:
Ashenzari


Innate Abilities, Weirdness & Mutations

You are immune to sickness and miasma.
Your stone body is resilient. (AC +3)
You are immune to poison.
You resist negative energy. (rN+)
You are resistant to electric shocks. (rElec)
You are resistant to unholy torment.
You are immune to petrification.


Message History

No target in view!
An orc comes into view. It is wielding a +0 flail.
An orc is nearby!
An orc comes into view. It is wielding a +0 dagger.
The orc shouts! x2
An orc comes into view. It is wielding a +0 club.
The orc shouts!
You completely miss the orc.
An orc priest comes into view. It is wielding a +0 mace.
The orc closely misses you.
You barely miss the orc.
The orc priest shouts!
The orc hits you but does no damage.
You hit the orc but do no damage. The orc hits you with a +0 club.
The orc hits you with a +0 flail. You block the orc's attack.
You hit the orc but do no damage. You barely miss the orc.
The orc hits you but does no damage.
An orc priest comes into view. It is wielding a +0 club.
You block the orc's attack.
You closely miss the orc. You slash the orc!
You kill the orc!
You hit the orc. The orc closely misses you. The orc barely misses you.
The orc priest invokes the aid of Beogh against you.
Beogh smites you! The orc hits you but does no damage.
You are too injured to fight recklessly!
You are too injured to fight recklessly!
You are too injured to fight recklessly!
You are too injured to fight recklessly!
You are too injured to fight recklessly!
You are too injured to fight recklessly!
You are too injured to fight recklessly!
You are too injured to fight recklessly!
Unknown command.
You closely miss the orc.
The orc is almost dead.
You closely miss the orc priest. You hit the orc.
The orc priest invokes the aid of Beogh against you.
Beogh smites you!
Ouch! That really hurt!
You die...

######### # #o.o.....
....##########@#
.............oo###
###.######........oo.
. ..##.########## #
#.##.# # #.##.# #
#.##.# #....# #.
#.####


You could see 2 orc priests and 2 orcs.

Vanquished Creatures
  An adder (D:3)
  A dart slug (D:1)
  An orc (D:3)
  3 ball pythons
  4 endoplasms
  2 goblins
  4 hobgoblins
  A kobold (D:1)
  A quokka (D:3)
  3 bats
  A frilled lizard (D:2)
  A rat (D:1)
23 creatures vanquished.

Notes
Turn   | Place    | Note
-------+----------+-------------------------------------------
     0 | D:1      | bande the Gargoyle Fighter began the quest for the Orb.
     0 | D:1      | Reached XP level 1. HP: 14/14 MP: 1/1
   182 | D:1      | Reached XP level 2. HP: 16/19 MP: 2/2
   962 | D:2      | Found a broken altar of Ashenzari.
  1458 | D:3      | Reached XP level 3. HP: 24/24 MP: 3/3
  1507 | D:3      | Killed from afar by an orc priest

Illustrated notes

Levels and vault maps discovered:
D:1:      psy_arrival_fountain, layout_rooms, minmay_misc_feat_alley,
          minmay_misc_feat_encased
D:2:      layout_basic, basic_altar, minmay_crystal_room
D:3:      layout_loops_ring

Skill      XL: |  1  2 |
---------------+-------+-----
Axes           | 2 |  2.2
Fighting       | |  3.7
Armour         | |  3.8
Shields        | |  3.6

Action                   || total
-------------------------++-------
Melee: War axe           ||    56
  Use: Scroll            ||     8
Armor: Scale mail        ||    25
Dodge: Dodged            ||    20
Block: Buckler           ||    16

Table legend: (Time is in decaauts)
 A = Elapsed time spent in this place.
 B = Non-inter-level travel time spent in this place.
 C = Inter-level travel time spent in this place.
 D = Time resting spent in this place.
 E = Time spent auto-exploring this place.
 F = Levels seen in this place.
 G = Mean time per level.
                   A        B        C        D        E       F      G
               +--------+--------+--------+--------+--------+-----+--------+
         Total |   1530 |   1434 |     96 |      0 |   1184 |   3 |  510.0 |
       Dungeon |   1530 |   1434 |     96 |      0 |   1184 |   3 |  510.0 |
               +--------+--------+--------+--------+--------+-----+--------+

Top non-repeatable levels by time:
     D:1: 748 daAuts
     D:2: 709 daAuts
     D:3: 73 daAuts
